 Dungeon Crawl Stone Soup version 0.32-a0-422-g28b100f618 (webtiles) character file.

Game seed: 10916917110394043817

247 cforsyth the Slasher (level 6, -9/48 HPs)
             Began as a Coglin Gladiator on Feb 22, 2024.
             Mangled by a hornet (11 damage)
             ... on level 4 of the Dungeon.
             The game lasted 00:03:41 (2959 turns).

cforsyth the Slasher (Coglin Gladiator)             Turns: 2959, Time: 00:03:44

Health: -9/48      AC: 12    Str: 18    XL:     6   Next: 11%
Magic:  6/6        EV:  6    Int:  7    God:
Gold:   152        SH:  0    Dex: 16    Spells: 5/5 levels left

rFire   . . .        a - +0 long sword {Feng}
rCold   + . .        i - +0 dagger (venom) {Fubuki}
rNeg    . . .        p - +0 plate armour
rPois   .            c - +0 helmet
rElec   .            (no cloak)
rCorr   .            (no gloves)
SInv    .            (no boots)
Will    .....        (no amulet) Stlth
                     (no ring)
HPRegen 0.28/turn    (no ring)
MPRegen 0.10/turn

%: no passive effects
@: weak-willed, revving
A: off-hand wielding, slow wielding, warmup strikes, legs shutdown, cold
resistance 1, strong 1, inability to read after injury 1
a: no special abilities


You were on level 4 of the Dungeon.
You visited 1 branch of the dungeon, and saw 4 of its levels.

You collected 152 gold pieces.


Innate Abilities, Weirdness & Mutations

You can wield a second weapon in your off-hand.
It takes a long time for you to wield or remove held weapons.
Your first few attacks do less damage.
Attacking and casting redirects power from your legs.
Your flesh is cold resistant. (rC+)
Your muscles are strong. (Str +4, Int/Dex -1)
You occasionally lose the ability to read scrolls when taking damage.


   Skills:
 + Level 3.9 Fighting
 + Level 4.4 Long Blades
 - Level 1.7 Throwing
 + Level 2.8 Armour
 - Level 2.6 Dodging


You had 5 spell levels left.
You didn't know any spells.
Your spell library was empty.

Inventory:

Hand Weapons
 a - a +0 long sword (weapon) {Feng}
 i - a +0 dagger of venom (offhand) {Fubuki}
Missiles
 d - 3 throwing nets (quivered) {=f}
 e - a javelin
Armour
 b - a +0 leather armour
 c - a +0 helmet (worn)
 p - a +0 plate armour (worn)
Magical Staves
 n - a staff of earth {!a}
Scrolls
 g - a scroll of enchant armour {unknown}
 h - 2 scrolls of vulnerability
 j - 2 scrolls of fog {unknown}
 k - a scroll of acquirement {unknown}
 l - 3 scrolls of identify {unknown}
 m - a scroll of immolation {unknown}
 o - a scroll of revelation {unknown}
 s - a scroll of enchant weapon {unknown}
 t - a scroll of poison {unknown}
Potions
 f - a potion of mutation
 q - a potion of curing {unknown}
 r - a potion of heal wounds {unknown}

Dungeon Overview and Level Annotations

Branches:
Dungeon (4/15)
 Temple: D:4-7

Altars:
Ashenzari
Hepliaklqana

Shops:
D:2 (

Annotations:
D:3 2 transporters, gdog's ghost, amateur GnDe

.... #.#.# #.
#...#####.#.#
#...#.......#
#.....#.(...#
#.###......##
###.# ##.##.##
#.....##.##.####
#.....#.O.......
.......J@y..####
#.....#..######
#.....#.......#
###.# ###.###.#
#. #.# # #.# #.#
#.# #.#


You could see a hornet (weak-willed), an ogre (very poisoned, weak-willed) and
an endoplasm (weak-willed).


Message History

You hit the ogre with your +0 long sword.
The ogre is moderately wounded.
You hit the ogre but do no damage.
The ogre looks as sick as possible!
The ogre hits you with a +0 giant club!
* * * LOW HITPOINT WARNING * * *
Unknown command.
You cannot move.
Unknown command.
As you read the scroll labelled MEIG KEIMULL, it crumbles to dust.
A wave of despondency washes over your surroundings.
It was a scroll of vulnerability.
You are no longer unable to travel.
The hornet barely misses you.
The endoplasm hits you but does no damage.
The hornet stings you.
* * * LOW HITPOINT WARNING * * *
You feel yourself slow down. The ogre hits you with a +0 giant club!
* * * LOW HITPOINT WARNING * * *
Unknown command.
Unknown command.
You aren't carrying any items that you can evoke.
It was a potion of mutation.
You feel extremely strange.
You occasionally lose the ability to read scrolls when taking damage.
You feel resistant to cold.
You feel stronger.
You feel yourself speed up. The endoplasm hits you.
* * * LOW HITPOINT WARNING * * *
The hornet stings you!
You die...

Skill      XL: |  1  2  3  4 |
---------------+-------------+-----
Armour         | 1 2 |  2.8
Fighting       | 3 |  3.9
Long Blades    | 4 |  4.4
Throwing       | |  1.7
Dodging        | |  2.6

Action                     |  1- 3 |  4- 6 || total
---------------------------+-------+-------++-------
  Melee: Long sword        |    49 |    92 ||   141
         Dagger            |    16 |    84 ||   100
    Use: Scroll            |       |     1 ||     1
         Potion            |       |     1 ||     1
 Armour: Leather armour    |    24 |    25 ||    49
         Plate armour      |       |    69 ||    69
  Dodge: Dodged            |    33 |    29 ||    62

Levels and vault maps discovered:
D:1:      dpeg_arrival_refuge, layout_basic, minmay_misc_feat_ornament
D:2:      layout_loops_cross, serial_shops, shop, minmay_diced_spiral
D:3:      layout_basic, gammafunk_ghost_stat_death, kennysheep_decorative_pillar
D:4:      layout_loops_ring, mainiacjoe_overflow_large_starburst,
          serial_library_regret_index_split_case

Notes
Turn   | Place    | Note
-------+----------+-------------------------------------------
     0 | D:1      | cforsyth the Coglin Gladiator began the quest for the Orb.
     0 | D:1      | Reached XP level 1. HP: 16/16 MP: 1/1
   148 | D:1      | Reached XP level 2. HP: 22/22 MP: 2/2
   866 | D:2      | Reached skill level 1 in Armour
   866 | D:2      | Reached XP level 3. HP: 8/28 MP: 3/3
  1117 | D:2      | Reached XP level 4. HP: 34/34 MP: 4/4
  1123 | D:2      | Reached skill level 3 in Fighting
  1236 | D:2      | Found Wasush's Weapon Shop.
  1347 | D:2      | Reached skill level 2 in Armour
  1574 | D:2      | Reached skill level 4 in Long Blades
  1702 | D:3      | Reached XP level 5. HP: 40/41 MP: 5/5
  1726 | D:3      | Found a transporter.
  1727 | D:3      | Noticed gdog's ghost (amateur GnDe)
  1734 | D:3      | Found a transporter.
  2689 | D:4      | Found a hazy altar of Hepliaklqana.
  2788 | D:4      | Found a broken altar of Ashenzari.
  2930 | D:4      | Reached XP level 6. HP: 42/48 MP: 6/6
  2954 | D:4      | Noticed a hornet
  2958 | D:4      | HP: 4/48 [ogre/+0 giant club (8)]
  2959 | D:4      | Gained mutation: You occasionally lose the ability to read
                  | scrolls when taking damage. [potion of mutation]
  2959 | D:4      | Gained mutation: Your flesh is cold resistant. (rC+)
                  | [potion of mutation]
  2959 | D:4      | Gained mutation: Your muscles are strong. (Str +4, Int/Dex
                  | -1) [potion of mutation]
  2959 | D:4      | Mangled by a hornet

Vanquished Creatures
  A howler monkey (D:4)
  An orc wizard (D:4)
  6 adders
  3 dart slugs
  A ribbon worm (D:2)
  9 orcs
  3 bats (D:2)
  4 endoplasms
  5 goblins
  7 hobgoblins
  8 jackals
  2 ball pythons
  2 frilled lizards (D:1)
  8 kobolds
  6 rats
66 creatures vanquished.

Table legend: (Time is in decaauts)
 A = Elapsed time spent in this place.
 B = Non-inter-level travel time spent in this place.
 C = Inter-level travel time spent in this place.
 D = Time resting spent in this place.
 E = Time spent auto-exploring this place.
 F = Levels seen in this place.
 G = Mean time per level.
                   A        B        C        D        E       F      G
               +--------+--------+--------+--------+--------+-----+--------+
         Total |   2969 |   2890 |     79 |    238 |   2209 |   4 |  742.2 |
       Dungeon |   2969 |   2890 |     79 |    238 |   2209 |   4 |  742.2 |
               +--------+--------+--------+--------+--------+-----+--------+

Top non-repeatable levels by time:
     D:2: 949 daAuts
     D:1: 859 daAuts
     D:3: 824 daAuts
     D:4: 336 daAuts

Table legend:
 A = Non-vault XP
 B = Vault XP
 C = Vault XP percentage of total XP
 D = Non-vault monster count
 E = Vault monster count
 F = Vault count percentage of total count
                 A         B        C        D         E       F
            +---------+---------+-------+---------+---------+-------
      Total |     328 |      25 |   7.1 |      62 |       4 |   6.1
            +---------+---------+-------+---------+---------+-------
        D:1 |      22 |       0 |   0.0 |       9 |       0 |   0.0
        D:2 |     128 |      25 |  16.3 |      29 |       4 |  12.1
        D:3 |      58 |       0 |   0.0 |      13 |       0 |   0.0
        D:4 |     120 |       0 |   0.0 |      11 |       0 |   0.0
            +---------+---------+-------+---------+---------+-------
